 Dungeon Crawl Stone Soup version 0.29.1-12-g30fa7ad0bf (webtiles) character file.

Game seed: 15491056824612607020

9232 Zonian the Skirmisher (level 11, -3/54 HPs)
             Began as a Deep Elf Ice Elementalist on Dec 24, 2022.
             Was an Initiate of Gozag.
             Slain by a death yak (14 damage)
             ... led by a torpor snail
             ... on level 1 of the Lair of Beasts.
             The game lasted 00:58:39 (20295 turns).

Zonian the Skirmisher (Deep Elf Ice Elementalist)  Turns: 20295, Time: 00:58:39

Health: -3/54      AC: 15    Str:  5    XL:     11   Next: 20%
Magic:  19/21      EV: 17    Int: 25    God:    Gozag
Gold:   1067       SH:  5    Dex: 15    Spells: 6/21 levels left

rFire   + . .      SeeInvis .   g - +0 sling (elec)
rCold   . . .      Faith    .   (no shield)
rNeg    . . .      Spirit   .   q - +2 leather armour {rF+}
rPois   .          Reflect  +   (no helmet)
rElec   .          Harm     .   (no cloak)
rCorr   .          Rampage  .   C - +2 pair of gloves
Will    +....                   (no boots)
Stlth   +++.......              z - amulet of reflection
HPRegen 0.18/turn               o - +4 ring of evasion
MPRegen 0.17/turn               E - ring of flight

@: ice-armoured, flying, slowed, very slow
A: no striking features
a: Renounce Religion, Potion Petition, Call Merchant, Bribe Branch


You were on level 1 of the Lair of Beasts.
You worshipped Gozag.
Gozag was most pleased with you.
You visited 2 branches of the dungeon, and saw 11 of its levels.

You collected 1492 gold pieces.
You spent 338 gold pieces at shops.
You paid 87 gold pieces to Gozag.

Inventory:

Hand Weapons
 g - a +0 sling of electrocution (weapon)
 h - a +3 long sword
 s - a +4 spear
 x - a +2 hand axe of freezing
 y - a +2 morningstar
 B - a +2 dagger of venom
Missiles
 f - 5 javelins
 j - 9 boomerangs
 l - 4 throwing nets
 w - 19 poisoned darts
Armour
 a - a +0 robe
 i - a +0 robe of positive energy
 m - a +2 robe of willpower
 q - a +2 leather armour of fire resistance (worn)
 A - a +2 scale mail of poison resistance
 C - a +2 pair of gloves (worn)
 L - the +4 ring mail "Nisywk" {+Blink rC- rCorr Int+4}
   (You found it on level 1 of the Lair of Beasts)

   Int:       It affects your intelligence (+4).
   rC:        It makes you vulnerable to cold.
   +Blink:    It lets you blink.
   rCorr:     It protects you from acid and corrosion.
Magical Staves
 r - a staff of conjuration
 J - a staff of cold
Jewellery
 o - a +4 ring of evasion (left hand)
 u - a +6 ring of strength
 z - an amulet of reflection (around neck)
 E - a ring of flight (right hand)
 M - a ring of fire
Wands
 n - a wand of flame (18)
 v - a wand of mindburst (16)
 D - a wand of light (11)
Scrolls
 c - a scroll of identify
 d - 3 scrolls of blinking
 I - a scroll of amnesia
Potions
 b - a potion of magic
 e - 4 potions of curing
 k - 2 potions of might
 p - 2 potions of lignification
 t - a potion of flight
 F - a potion of brilliance
 G - 3 potions of heal wounds
 K - a potion of berserk rage {unknown}


   Skills:
 - Level 14.0 Ranged Weapons
 - Level 5.0 Dodging
 - Level 5.3 Stealth
 - Level 5.6 Spellcasting
 + Level 11.0 Hexes
 - Level 6.0 Translocations
 - Level 8.7 Ice Magic


You had 6 spell levels left.
You knew the following spells:

 Your Spells              Type           Power      Damage    Failure   Level
a - Freeze                Ice            100%       1d11      1%          1
b - Frozen Ramparts       Ice            100%       1d16      1%          3
c - Ozocubu's Armour      Ice            50%        N/A       1%          3
d - Ensorcelled Hibernat  Hex/Ice        100%       N/A       1%          2
e - Tukima's Dance        Hex            58%        N/A       1%          3
f - Portal Projectile     Hex/Tloc       98%        N/A       1%          3

Your spell library contained the following spells:

 Spells                   Type           Power      Damage    Failure   Level
 Apportation              Tloc           74%        N/A       1%          1
 Summon Guardian Golem    Hex/Summ       34%        N/A       4%          3
 Passage of Golubria      Tloc           37%        N/A       11%         4
 Summon Small Mammal      Summ           28%        N/A       13%         1
 Anguish                  Hex/Necr       17%        N/A       13%         4
 Static Discharge         Conj/Air       7%         3-4/arc   21%         2
 Sublimation of Blood     Necr           7%         N/A       21%         2
 Wereblood                Tmut           7%         N/A       21%         2
 Hailstorm                Conj/Ice       28%        3d8       22%         4
 Call Canine Familiar     Summ           7%         N/A       36%         3
 Spider Form              Tmut/Pois      7%         N/A       36%         3
 Stone Arrow              Conj/Erth      14%        3d7       36%         3
 Yara's Violent Unravell  Hex/Tmut       17%        3d8       36%         5
 Animate Armour           Summ/Erth      14%        N/A       78%         4
 Lightning Bolt           Conj/Air       3%         1d15      98%         5
 Starburst                Conj/Fire      3%         6d3       100%        6
 Summon Hydra             Summ           3%         N/A       100%        7
 Lehudib's Crystal Spear  Conj/Erth      3%         10d3      100%        8
 Maxwell's Capacitive Co  Air            3%         ∞         100%        8


Dungeon Overview and Level Annotations

Branches:
Dungeon (10/15)            Temple (0/1) D:6            Lair (1/5) D:10
    Orc (0/2) D:10

Altars:
Cheibriados
Gozag
Hepliaklqana
Nemelex Xobeh
Sif Muna
Yredelemnul
Zin

Shops:
D:1 :   D:3 :   D:6 [

Portals:
Volcano: Lair:1

Annotations:
D:10 1 runed translucent door, Amaemon, Erolcha, Fannar


Message History

You shoot a sling bullet.
The sling bullet hits the torpor snail but does no damage.
The torpor snail is lightly wounded.
The death yak is engulfed in poison gas.
The death yak looks even sicker.
The death yak gores you.
Fire: g) +0 sling (elec)
Press: ? - help, Q - select action, (/) - cycle Shift-Dir - straight line, f/p - torpor snail
Aim: a torpor snail (lightly wounded, 94% to hit)
You shoot a sling bullet. The sling bullet hits the torpor snail.
The torpor snail is lightly wounded.
The death yak is engulfed in poison gas.
The death yak looks as sick as possible!
You block the death yak's attack. The torpor snail barely misses you.
Fire: g) +0 sling (elec)
Press: ? - help, Q - select action, (/) - cycle Shift-Dir - straight line, f/p - torpor snail
Aim: a torpor snail (lightly wounded, 94% to hit)
You shoot a sling bullet.
The sling bullet hits the torpor snail but does no damage.
Lightning courses through the torpor snail!!
The torpor snail is heavily wounded.
The death yak is engulfed in poison gas.
The death yak looks as sick as possible!
The death yak closely misses you.
The torpor snail bites you but does no damage.
Fire: g) +0 sling (elec)
Press: ? - help, Q - select action, (/) - cycle Shift-Dir - straight line, f/p - torpor snail
Aim: a torpor snail (heavily wounded, 94% to hit)
You shoot a sling bullet.
The sling bullet hits the torpor snail but does no damage.
The torpor snail is heavily wounded.
The death yak is engulfed in poison gas.
The death yak looks as sick as possible!
The death yak gores you!!
* * * LOW HITPOINT WARNING * * *
The torpor snail closely misses you.
The death yak is engulfed in poison gas.
The death yak looks as sick as possible!
The death yak gores you!
You die...
Your body crumbles into a pile of gold.

~ ≈ ≈ ....... ≈ #....#..
..~≈ ......:.....>.~
#....#......... P
####....#.... ....
###.##@##....#P.#####..
○☼§§§☼§Yw.§☼§☼§.........
§§§○§○○§§☼○○§§§.........
§§§§§☼§§§§○§○§☼.........
☼§§§§§§§§§§○§○○.........
§§§§§§○§○§§§§☼§.........
§§§§☼§§§○§§○☼○§.........
○§§§§§§☼☼§☼§§☼☼.........
.....##.##.+#...###.#####.#.


You could see a death yak (extremely poisoned) and a torpor snail.

Vanquished Creatures
  Harold (Lair:1)
  A two-headed ogre (D:9)
  2 cane toads (Lair:1)
  A komodo dragon (Lair:1)
  A rime drake (Lair:1)
  2 trolls (D:10)
  8 yaks
  A vampire (D:10)
  2 wraiths (D:9)
  2 steam dragons
  2 water moccasins
  An orc warrior (D:8)
  3 ice beasts
  A black bear (D:7)
  6 wolves (Lair:1)
  2 centaurs
  Blork the orc (D:5)
  A kobold brigand (D:10)
  2 necrophages
  2 scorpions (D:4)
  3 bullfrogs
  13 wights
  3 killer bees (D:7)
  3 howler monkeys
  4 hounds
  2 jellies (D:6)
  A gnoll bouda (D:5)
  11 orc priests
  Ijyb (D:3)
  2 iguanas (D:6)
  8 orc wizards
  11 gnolls
  7 adders
  A shadow imp (D:6)
  3 white imps
  An ufetubus (D:5)
  A worm (D:3)
  3 dart slugs
  28 orcs
  2 ball pythons
  3 endoplasms
  6 giant cockroaches
  12 goblins
  9 hobgoblins
  A quokka (D:4)
  3 bats
  4 frilled lizards
  15 kobolds
  4 rats
207 creatures vanquished.

Vanquished Creatures (collateral kills)
  A two-headed ogre (D:9)
  An orc warrior (D:9)
  2 wights (D:10)
4 creatures vanquished.

Vanquished Creatures (others)
  A dancing weapon (D:9)
  A fungus (Lair:1)
  A plant (Lair:1)
3 creatures vanquished.

Grand Total: 214 creatures vanquished

Notes
Turn   | Place    | Note
-------+----------+-------------------------------------------
     0 | D:1      | Zonian the Deep Elf Ice Elementalist began the quest for
                  | the Orb.
     0 | D:1      | Reached XP level 1. HP: 10/10 MP: 6/6
   903 | D:1      | Reached XP level 2. HP: 15/15 MP: 5/8
  1607 | D:1      | Found a faded altar of an unknown god.
  1609 | D:1      | Found Xaelaich's Book Shop.
  2784 | D:2      | Reached XP level 3. HP: 19/19 MP: 10/10
  2788 | D:2      | Learned a level 3 spell: Frozen Ramparts
  3086 | D:3      | Reached skill level 5 in Ice Magic
  3086 | D:3      | Reached XP level 4. HP: 24/24 MP: 9/12
  3761 | D:3      | Reached XP level 5. HP: 28/28 MP: 10/13
  3765 | D:3      | Learned a level 3 spell: Ozocubu's Armour
  3786 | D:3      | Found Lunnub's Book Boutique.
  3946 | D:3      | Noticed an ice beast
  4085 | D:3      | Noticed Ijyb
  4286 | D:3      | Paralysed by Ijyb for 3 turns
  4296 | D:3      | Paralysed by Ijyb for 5 turns
  4301 | D:3      | Killed Ijyb
  5771 | D:4      | Learned a level 2 spell: Ensorcelled Hibernation
  5780 | D:4      | Noticed a steam dragon
  5809 | D:4      | Reached skill level 5 in Spellcasting
  5809 | D:4      | Reached XP level 6. HP: 29/32 MP: 11/15
  5809 | D:4      | Killed a steam dragon
  5810 | D:4      | Reached skill level 1 in Hexes
  6097 | D:5      | Entered Level 5 of the Dungeon
  6484 | D:5      | Reached skill level 5 in Stealth
  6680 | D:5      | Found an opulent altar of Gozag.
  6686 | D:5      | Found a hazy altar of Hepliaklqana.
  7002 | D:5      | Became a worshipper of Gozag Ym Sagoz the Greedy
  7187 | D:5      | Found a glowing silver altar of Zin.
  7187 | D:5      | Found a sparkling altar of Nemelex Xobeh.
  7196 | D:5      | Found a faded altar of an unknown god.
  7198 | D:5      | Found a shimmering blue altar of Sif Muna.
  7200 | D:5      | Found a basalt altar of Yredelemnul.
  7590 | D:5      | HP: 1/29 [wight/+4 scimitar (11)]
  7981 | D:5      | Reached skill level 1 in Ranged Weapons
  7981 | D:5      | Reached XP level 7. HP: 4/36 MP: 17/17
  8513 | D:5      | Found a snail-covered altar of Cheibriados.
  8835 | D:5      | Reached skill level 5 in Dodging
  8962 | D:5      | Noticed Blork the orc
  8964 | D:5      | Reached skill level 2 in Ranged Weapons
  8967 | D:5      | Reached skill level 3 in Ranged Weapons
  8970 | D:5      | Killed Blork the orc
  8971 | D:5      | Reached skill level 4 in Ranged Weapons
  9181 | D:4      | Reached skill level 5 in Ranged Weapons
  9519 | D:5      | Reached skill level 6 in Ranged Weapons
  9519 | D:5      | Reached XP level 8. HP: 41/41 MP: 18/18
  9781 | D:5      | Reached skill level 7 in Ranged Weapons
 10345 | D:6      | Reached skill level 8 in Ranged Weapons
 10351 | D:6      | Reached skill level 9 in Ranged Weapons
 10351 | D:6      | HP: 2/41 [yak (8)]
 10764 | D:6      | Found a staircase to the Ecumenical Temple.
 11204 | D:6      | Reached skill level 10 in Ranged Weapons
 11496 | D:6      | Reached skill level 11 in Ranged Weapons
 11615 | D:6      | Found Notsicra's Armour Boutique.
 11677 | D:6      | Reached XP level 9. HP: 45/45 MP: 19/19
 12322 | D:7      | Reached skill level 12 in Ranged Weapons
 13188 | D:7      | Reached skill level 13 in Ranged Weapons
 14137 | D:8      | Reached skill level 14 in Ranged Weapons
 14141 | D:8      | Learned a level 3 spell: Tukima's Dance
 14248 | D:8      | Reached skill level 5 in Hexes
 14524 | D:8      | Reached XP level 10. HP: 50/50 MP: 20/20
 15135 | D:9      | Noticed a two-headed ogre
 15149 | D:9      | Killed a two-headed ogre
 16887 | D:1      | Bought the Directory of Dimensional Kindling for 338 gold
                  | pieces
 16891 | D:1      | Learned a level 3 spell: Portal Projectile
 17440 | D:9      | Noticed a two-headed ogre
 17446 | D:9      | Killed a two-headed ogre
 17873 | D:10     | Entered Level 10 of the Dungeon
 17873 | D:10     | Noticed Amaemon
 17873 | D:10     | Noticed an orange demon
 17873 | D:10     | Found a staircase to the Orcish Mines.
 18017 | D:10     | Noticed Erolcha
 18761 | D:10     | HP: 2/47 [wight/+5 long sword of freezing (5)]
 18978 | D:10     | Found a runed translucent door.
 18981 | D:10     | Noticed a fire crab
 19000 | D:10     | Found a staircase to the Lair.
 19730 | D:10     | Noticed Fannar
 19795 | Lair:1   | Entered Level 1 of the Lair of Beasts
 19846 | Lair:1   | Found a dark tunnel.
 19858 | Lair:1   | Noticed a seven-headed hydra
 19868 | Lair:1   | Noticed Harold
 19871 | Lair:1   | Noticed a cane toad
 19901 | Lair:1   | Killed a cane toad
 19902 | Lair:1   | Reached skill level 10 in Hexes
 19902 | Lair:1   | Reached skill level 5 in Translocations
 19902 | Lair:1   | Reached XP level 11. HP: 54/54 MP: 8/21
 19907 | Lair:1   | Killed Harold
 20119 | Lair:1   | Identified the +4 ring mail "Nisywk" {+Blink rC- rCorr
                  | Int+4}
 20216 | Lair:1   | Noticed a death yak
 20295 | Lair:1   | Slain by a death yak

Illustrated notes

Levels and vault maps discovered:
D:1:      heliophobic_arrival_henge, layout_basic,
          ebering_ecumenical_altar_sacrificial, serial_shops, shop_statue,
          minmay_pentomino_r2
D:2:      layout_basic, st_stairs_14
D:3:      kennysheep_the_goblin_king, layout_basic, serial_shops, shop
D:4:      minmay_chambers_of_fours, layout_loops_ring
D:5:      layout_loops_ring, chequers_temple_overflow_minitemple,
          mainiacjoe_overflow_divided_tiny, kennysheep_slug_shrine,
          grunt_ministairs_14, roderic_lattice_a, minmay_misc_feat_cross,
          uniq_blork_the_orc
D:6:      layout_loops_ring, minmay_temple_entry_statues_pillars, serial_shops,
          shop
D:7:      layout_basic, enter_ossuary_2
D:8:      layout_loops_ring, kennysheep_generic_room_8
D:9:      layout_basic, grunt_ministairs_2
D:10:     gammafunk_mikee_crab_dinner, layout_irregular_city, orc_0_dummy,
          uniq_fannar, uniq_erolcha, uniq_amaemon
Lair:1:   minmay_lair_venomous_thicket, layout_regular_city,
          nicolae_volcano_entry_two_sided, infiniplex_staircase_pool,
          serial_bayou_shore_a, uniq_harold

Skill      XL: |  1  2  3  4  5  6  7  8  9 10 11 |
---------------+----------------------------------+-----
Stealth        | 3 4 5 |  5.3
Dodging        | 3 4 5 |  5.0
Spellcasting   | 4 5 |  5.6
Ice Magic      | 5 6 7 8 |  8.7
Hexes          | 2 5 10 11 | 11.0
Ranged Weapons | 1 6 11 14 | 14.0
Translocations | 5 6 |  6.0

Action                   |  1- 3 |  4- 6 |  7- 9 | 10-12 || total
-------------------------+-------+-------+-------+-------++-------
Melee: Dagger            |    39 |    28 |     2 |     2 ||    71
       Punch             |     2 |     2 |       |       ||     4
 Fire: Sling             |    12 |   126 |   278 |   289 ||   705
 Cast: Freeze            |    30 |    12 |     2 |     1 ||    45
       Frozen Ramparts   |       |     8 |    20 |     7 ||    35
       Ozocubu's Armour  |       |     1 |     1 |     4 ||     6
       Ensorcelled Hiber |       |       |     1 |     3 ||     4
       Tukima's Dance    |       |       |       |     8 ||     8
       Portal Projectile |       |       |       |     5 ||     5
Evoke: Wand              |     1 |     5 |     1 |     4 ||    11
  Use: Potion            |     4 |     3 |     3 |     2 ||    12
       Scroll            |       |    13 |     7 |    12 ||    32
 Stab: Sleeping          |     1 |       |     2 |     1 ||     4
       Paralysed         |       |     3 |       |       ||     3
Armor: Robe              |     7 |    10 |     2 |       ||    19
       Leather armour    |       |       |     5 |    13 ||    18
Dodge: Dodged            |    49 |   109 |    50 |    72 ||   280
Block: Other             |       |       |     8 |    20 ||    28
       Reflection        |       |       |       |     3 ||     3
